 Dungeon Crawl Stone Soup version 0.14-a0-2124-ga163777 (webtiles) character file.

4209 Kae the Covert (level 9, -3/39 HPs)
             Began as a Spriggan Enchanter on Jan 27, 2014.
             Was a Believer of Dithmengos.
             Slain by a wyvern (8 damage)
             ... on Level 8 of the Dungeon.
             The game lasted 00:20:35 (7992 turns).

Kae the Covert (Spriggan Enchanter)                 Turns: 7992, Time: 00:20:35

HP  -3/39        AC  4     Str  7      XL: 9   Next: 87%
MP  22/28        EV 18     Int 16      God: Dithmengos [**....]
Gold 587         SH  0     Dex 17      Spells:  4 memorised, 10 levels left

rFire  . . .     SeeInvis +     m - +2,+5 dwarf dagger (venom)
rCold  . . .     Clarity  .     A - +2 robe {rN+}
rNeg   + . .     Conserve .     (shield restricted)
rPois  +         rCorr    .     (helmet restricted)
rElec  .         rRot     .     (no cloak)
SustAb . .       Spirit   .     (gloves unavailable)
rMut   .         Warding  .     (boots unavailable)
Saprov . . .     Stasis   .     (no amulet)
MR     +....                    h - ring of poison resistance
                                C - cursed ring of sustenance

@: very slightly contaminated, wreathed by umbra, very quick, somewhat resistant
to hostile enchantments, uncannily stealthy
A: unfitting armour, see invisible, herbivore 3, speed 3, slow metabolism 2
a: Shadow Step, Renounce Religion


You were on level 8 of the Dungeon.
You worshipped Dithmengos.
Dithmengos was pleased with you.
You were very hungry.

You visited 2 branches of the dungeon, and saw 9 of its levels.
You also visited: Sewer and Ossuary.

You collected 605 gold pieces.
You spent 18 gold pieces at shops.

Inventory:

Hand weapons
 a - a +1,+1 dagger
 m - a +2,+5 dwarven dagger of venom (weapon)
Missiles
 d - 12 darts (quivered)
 i - 4 tomahawks
Armour
 A - a +2 robe of positive energy (worn)
Comestibles
 u - 2 pears
 x - 3 bread rations
 B - a lemon
 H - 2 chokos
Scrolls
 f - 4 scrolls of noise
 g - 6 scrolls of fear
 o - 5 scrolls of identify
 p - 4 scrolls of amnesia
 s - a scroll of enchant armour
 y - a scroll of blinking
 z - 3 scrolls of fog
 E - 3 scrolls of remove curse
Jewellery
 e - a cursed ring of teleportation
 h - a ring of poison resistance (right hand)
 C - a cursed ring of sustenance (left hand)
 I - a cursed amulet of clarity
Potions
 j - 3 potions of mutation
 k - a potion of resistance {unknown}
 l - 2 potions of speed {unknown}
 n - a potion of degeneration {unknown}
 q - 2 potions of lignification {unknown}
 r - 4 potions of curing
 t - 2 potions of agility
 v - 2 potions of heal wounds
 w - 2 potions of restore abilities {unknown}
Books
 c - a book of Maledictions

   Spells                             Type                      Level
   *Corona                            Hexes                        1
   Sure Blade                         Hexes/Charms                 2
   *Ensorcelled Hibernation           Hexes/Ice                    2
   *Confuse                           Hexes                        3
   Enslavement                        Hexes                        4
   *Invisibility                      Hexes                        6
 F - a book of War Chants

   Spells                             Type                      Level
   Fire Brand                         Charms/Fire                  2
   Freezing Aura                      Charms/Ice                   2
   Shroud of Golubria                 Charms/Translocation         2
   Repel Missiles                     Charms/Air                   2
   Poison Weapon                      Charms/Poison                3
   Regeneration                       Charms/Necromancy            3
Magical staves
 L - an uncursed staff of poison


   Skills:
 * Level 9.0 Short Blades
 - Level 1.1 Throwing
 - Level 3.0 Dodging
 * Level 12.8 Stealth
 + Level 7.3 Spellcasting
 + Level 7.7 Hexes


You had 10 spell levels left.
You knew the following spells:

 Your Spells              Type           Power        Failure   Level  Hunger
a - Corona                Hex            ####...      1%          1    None
b - Ensorcelled Hibernat  Hex/Ice        ###...       4%          2    None
c - Confuse               Hex            ####....     1%          3    ##.....
d - Invisibility          Hex            ####....     78%         6    #######


Dungeon Overview and Level Annotations

Branches:
Dungeon (8/16)             Temple (1/1) D:7
   Lair: D:8-11

Altars:
Dithmengos
Elyvilon
Kikubaaqudgha
Nemelex Xobeh
Okawaru
Sif Muna
Xom
Yredelemnul
The Shining One

Shops:
D:6 (   D:7 [   D:8 [=[?*


Innate Abilities, Weirdness & Mutations

You are tiny and cannot use many weapons and most armour.
You have supernaturally acute eyesight.
You are a herbivore.
You cover ground extremely quickly.
You need consume almost no food.


Message History

Press: ? - help, Shift-Dir - straight line, f - wyvern
Aim: a wyvern (heavily wounded, poisoned, umbra)
You miscast Ensorcelled Hibernation.
You are very lightly contaminated with residual magic.
You hear a crackling sound.
The wyvern bites you.
* * * LOW HITPOINT WARNING * * *
Casting: Ensorcelled Hibernation
Confirm with . or Enter, or press ? or * to list all spells.
Aiming: Ensorcelled Hibernation
Press: ? - help, Shift-Dir - straight line, f/p - wyvern
Aim: a wyvern (heavily wounded, poisoned, umbra)
The wyvern resists.
The wyvern closely misses you. The wyvern misses you.
Casting: Ensorcelled Hibernation
Confirm with . or Enter, or press ? or * to list all spells.
Aiming: Ensorcelled Hibernation
Press: ? - help, Shift-Dir - straight line, f/p - wyvern
Aim: a wyvern (heavily wounded, poisoned, umbra)
The wyvern resists.
The wyvern bites you!
You die...

.##§≈_♣.♣.##.........###+#####...
..##§≈≈♣.##..........# #...
...###^###########+### #...
#####+.# #... #..## #... #.##
#... #.# ######## ##.#
#####+####### ###....... ##..#
#.[....@....# #.'....... ##..##
#......D....# #.#.[..... #⌠.⌠#
#...........###.#......# #.∩.#
#..........%'...#......# #⌠.⌠#
#...........#####......# #..##
#..........∩# #......# ..##
#...........# #......# .##
#..>........# #(.....# .#
#########'### #......#


You could see a wyvern.

Vanquished Creatures
  Erolcha (D:8)
  Prince Ribbit (D:7)
  A wraith (D:7)
  A steam dragon (D:8)
  A manticore (D:8)
  2 ice beasts
  2 sky beasts
  3 ogres
  A crocodile (Sewer)
  A giant frog (D:7)
  2 water moccasins
  5 killer bees (D:7)
  5 centaur zombies (Ossuary)
  4 crimson imps
  A goliath beetle (D:6)
  A human zombie (Ossuary)
  A giant frog skeleton (D:4)
  2 iguanas
  A jelly (D:8)
  2 orc priests
  2 centaur skeletons
  3 orc wizards
  4 scorpions
  6 worker ants
  A killer bee zombie (D:8)
  A big kobold zombie (Ossuary)
  Ijyb (D:6)
  2 hound zombies
  2 mummies (Ossuary)
  A worker ant zombie (D:8)
  A giant centipede (D:6)
  4 green rats (D:2)
  10 adders
  2 giant mites
  2 worms
  An adder skeleton (D:7)
  An iguana zombie (D:5)
  A grey rat (D:6)
  2 giant eyeballs
  An ooze (D:2)
  15 orcs
  A bat zombie (D:8)
  13 giant cockroaches
  14 goblins
  11 hobgoblins
  16 jackals
  A quokka (D:6)
  4 training dummies (D:6)
  3 ball pythons
  21 bats
  8 giant geckos
  4 giant newts
  A hobgoblin skeleton (D:6)
  10 hobgoblin zombies (Ossuary)
  2 jackal zombies (Ossuary)
  8 kobolds
  A kobold skeleton (D:7)
  7 kobold zombies (Ossuary)
  An orc skeleton (D:6)
  6 orc zombies (Ossuary)
  A quokka skeleton (D:7)
  11 rats
245 creatures vanquished.

Notes
Turn   | Place    | Note
--------------------------------------------------------------
     0 | D:1      | Kae, the Spriggan Enchanter, began the quest for the Orb.
     0 | D:1      | Reached XP level 1. HP: 9/9 MP: 4/4
   278 | D:1      | Reached XP level 2. HP: 11/13 MP: 7/7
   306 | D:1      | Learned a level 2 spell: Ensorcelled Hibernation
   784 | D:2      | Found a glowing golden altar of the Shining One.
   800 | D:2      | Reached skill level 4 in Stealth
   800 | D:2      | Reached XP level 3. HP: 14/16 MP: 6/9
  1134 | D:2      | Found a basalt altar of Yredelemnul.
  1471 | D:2      | Reached XP level 4. HP: 9/21 MP: 11/13
  1473 | D:2      | Reached skill level 5 in Stealth
  2168 | D:3      | Reached XP level 5. HP: 24/24 MP: 16/16
  2677 | D:4      | Learned a level 3 spell: Confuse
  2744 | D:4      | Paralysed by a giant eyeball for 4 turns
  2752 | D:4      | Paralysed by a giant eyeball for 3 turns
  2759 | D:4      | Paralysed by a giant eyeball for 4 turns
  2774 | D:4      | HP: 1/24 [poisoned by an adder]
  2932 | D:4      | Reached skill level 6 in Stealth
  3127 | D:4      | Noticed an ogre
  3141 | D:4      | Killed an ogre
  3141 | D:4      | Reached XP level 6. HP: 24/28 MP: 13/18
  3369 | D:4      | Reached skill level 7 in Stealth
  3436 | D:4      | Reached skill level 5 in Hexes
  3993 | D:5      | Entered Level 5 of the Dungeon
  3994 | D:5      | Reached XP level 7. HP: 32/32 MP: 20/20
  4103 | D:5      | Reached skill level 8 in Stealth
  4270 | D:5      | Reached skill level 5 in Short Blades
  4623 | D:5      | Paralysed by a giant eyeball for 3 turns
  4726 | D:6      | Found Xuaxac's Weapon Shop.
  4990 | D:6      | Found a deep blue altar of Sif Muna.
  5060 | D:6      | Found a glowing drain.
  5095 | Sewer    | Entered a sewer
  5311 | D:6      | Noticed Ijyb
  5319 | D:6      | Killed Ijyb
  5373 | D:6      | Reached XP level 8. HP: 36/36 MP: 23/23
  5762 | D:7      | Reached skill level 9 in Stealth
  5762 | D:7      | Reached skill level 5 in Spellcasting
  5771 | D:7      | Found Ahuin's Armour Shop.
  5777 | D:7      | Found a staircase to the Ecumenical Temple.
  5789 | Temple   | Entered the Ecumenical Temple
  5805 | Temple   | Became a worshipper of Dithmengos
  5843 | D:7      | Found a sand-covered staircase.
  5851 | Ossuary  | Entered an ossuary
  5876 | Ossuary  | Learned a level 6 spell: Invisibility
  6379 | Ossuary  | Reached skill level 10 in Stealth
  6722 | D:7      | Noticed Prince Ribbit
  6807 | D:7      | Killed Prince Ribbit
  6807 | D:7      | Reached skill level 11 in Stealth
  6807 | D:7      | Reached XP level 9. HP: 39/39 MP: 2/26
  7450 | D:8      | Found an iron altar of Okawaru.
  7450 | D:8      | Noticed Erolcha
  7457 | D:8      | Found Kaxin's General Store.
  7458 | D:8      | Killed Erolcha
  7458 | D:8      | Reached skill level 12 in Stealth
  7467 | D:8      | Acquired Dithmengos' first power
  7507 | D:8      | Found Julooboykk's Magic Scroll Shoppe.
  7596 | D:8      | Found a shimmering altar of Xom.
  7613 | D:8      | Found a shimmering altar of Xom.
  7613 | D:8      | Found a shimmering altar of Xom.
  7613 | D:8      | Found a shimmering altar of Xom.
  7613 | D:8      | Found a shimmering altar of Xom.
  7613 | D:8      | Found a shimmering altar of Xom.
  7614 | D:8      | Found a shimmering altar of Xom.
  7614 | D:8      | Found a shimmering altar of Xom.
  7649 | D:8      | Found Stytiyvi's Armour Boutique.
  7676 | D:8      | Found Mnymi's Antique Armour Shop.
  7686 | D:8      | Bought a runed robe for 18 gold pieces
  7874 | D:8      | Found Frohuta's Jewellery Shoppe.
  7992 | D:8      | Slain by a wyvern

Action                   |  1- 3 |  4- 6 |  7- 9 || total
-------------------------+-------+-------+-------++-------
Melee: Dagger            |   111 |   187 |   398 ||   696
 Cast: Ensorcelled Hiber |     5 |    34 |    66 ||   105
       Confuse           |       |     4 |    17 ||    21
  Use: Potion            |     1 |     2 |     2 ||     5
       Scroll            |       |       |    26 ||    26
 Stab: Sleeping          |    15 |    34 |    67 ||   116
       Confused          |       |     1 |     8 ||     9
